 Dungeon Crawl Stone Soup version 0.29-a0-416-g83a48905f1 (webtiles) character file.

Game seed: 9601344606730763309

52 xian the Grave Robber (level 3, -1/28 HPs)
             Began as a Naga Necromancer on May 16, 2022.
             Slain by an orc
             ... wielding a +0 war axe
              (9 damage)
             ... on level 2 of the Dungeon on May 17, 2022.
             The game lasted 00:07:35 (2505 turns).

xian the Grave Robber (Naga Necromancer)            Turns: 2505, Time: 00:07:35

Health: -1/28      AC:  2    Str: 10    XL:     3   Next: 85%
Magic:  2/6        EV: 10    Int: 17    God:
Gold:   100        SH:  0    Dex: 11    Spells: 1/6 levels left

rFire   . . .      SeeInvis +   i - staff of poison
rCold   . . .      Faith    .   (no shield)
rNeg    . . .      Spirit   .   a - +0 robe
rPois   +          Reflect  .   (no helmet)
rElec   .          Harm     .   (no cloak)
rCorr   .          Rampage  .   (no gloves)
Will    +....                   (no barding)
Stlth   ++........              (no amulet)
HPRegen 0.09/turn               f - ring of willpower
MPRegen 0.10/turn               g - ring of wizardry

@: very slow
A: AC +1, large, see invisible, deformed body, poison resistance, slowness 2,
spit poison 1, naga tail 1
a: Spit Poison


You were on level 2 of the Dungeon.
You visited 1 branch of the dungeon, and saw 3 of its levels.

You collected 100 gold pieces.

Inventory:

Missiles
 n - 3 atropa-tipped darts
Armour
 a - a +0 robe (worn)
Magical Staves
 i - a staff of poison (weapon)
Jewellery
 f - a ring of willpower (left hand)
 g - a ring of wizardry (right hand)
Scrolls
 c - 2 scrolls of noise {unknown}
 d - a scroll of vulnerability {unknown}
 h - 2 scrolls of identify {unknown}
 m - a scroll of fog {unknown}
Potions
 b - a potion of magic
 e - 3 potions of degeneration {unknown}
 j - a potion of attraction {unknown}
 k - a potion of curing {unknown}
 l - a potion of might {unknown}


   Skills:
 + Level 0.1 Staves
 + Level 1.8 Dodging
 + Level 3.5 Stealth
 + Level 2.4 Spellcasting
 + Level 4.7 Necromancy


You had one spell level left.
You knew the following spells:

 Your Spells              Type           Power      Damage    Failure   Level
a - Pain                  Necr           72%        1d7       1%          1
b - Animate Skeleton      Necr           36%        N/A       1%          1
c - Vampiric Draining     Necr           18%        2d7       3%          3

Your spell library contained the following spells:

 Spells                   Type           Power      Damage    Failure   Level
 Summon Small Mammal      Summ           8%         N/A       8%          1
 Animate Dead             Necr           9%         N/A       11%         4
 Call Canine Familiar     Summ           2%         N/A       22%         3
 Summon Guardian Golem    Hex/Summ       2%         N/A       22%         3
 Agony                    Necr           18%        N/A       28%         5


Dungeon Overview and Level Annotations

Branches:
Dungeon (3/15)

Altars:


Innate Abilities, Weirdness & Mutations

Your serpentine skin is tough. (AC +1)
You have supernaturally acute eyesight. (SInv)
Armour fits poorly on your strangely shaped body.
Your system is resistant to poisons. (rPois)
You cover ground very slowly.
You can spit poison.
You have a snake-like lower body.


Message History

You add the spells Summon Small Mammal, Call Canine Familiar and Summon Guardian Golem to your library.
Okay, then.
Found a stone staircase leading down.
Found a stone staircase leading up.
You now have 100 gold pieces (gained 5).
You hear the slow rusting of a distant drain.
An orc comes into view. It is wielding a +0 dagger.
You can't see any susceptible monsters within range! (Use Z to cast anyway.)
An orc comes into view. It is wielding a +0 club.
Your quokka skeleton crumbles into dust!
The orc shouts!
The orc barely resists.
An orc wizard comes into view. It is wielding a +0 dagger.
The orc writhes in agony!
You kill the orc!
An orc comes into view. It is wielding a +0 war axe.
Casting: Pain (safe; 1% risk of failure)
Confirm with . or Enter, or press ? or * to list all spells.
There is nothing nearby to animate!
The orc wizard writhes in agony.
The orc shouts!
An orc comes into view. It is wielding a +0 club.
The orc barely resists.
The orc shouts!
Casting: Pain (safe; 1% risk of failure)
Confirm with . or Enter, or press ? or * to list all spells.
There is nothing nearby to animate!
The orc writhes in agony.
The orc wizard casts a spell.
The orc wizard flickers and vanishes for a moment.
The orc attacks as you move away! The orc hits you with a +0 club.
There is a stone staircase leading up here.
The orc hits you with a +0 club. The orc barely misses you.
You climb upwards.
There is a stone staircase leading down here.
The orc hits you with a +0 war axe!
* * * LOW HITPOINT WARNING * * *
The orc barely misses you. The orc attacks as you move away!
The orc hits you with a +0 war axe!
You die...

...#.# #...###....#
#.# ####.#
####)#.##.## #.#
#.# ##.###.#
#.#####.# #.# #.#
#.# #.....#.#
####.# #.# #.#
#.#.# (....# #.#
#.# #.#.# ######
#.# #.##.######.#.#
#o###.##...........
#>@....############
#o......# #
#.#####.###########
#.# #.##.........
#.# #.##.########
#.# #.##.#
#.#####.##.#
#.......##.#
####.#.###.#


You could see 2 orcs.

Vanquished Creatures
  An adder (D:2)
  A worm (D:2)
  An orc (D:3)
  5 bats
  3 endoplasms
  A giant cockroach (D:1)
  2 goblins (D:1)
  2 hobgoblins (D:1)
  4 kobolds
  5 quokkas
  3 ball pythons (D:2)
  2 frilled lizards (D:1)
  A rat (D:1)
31 creatures vanquished.

Vanquished Creatures (collateral kills)
  2 ball pythons (D:1)
  2 frilled lizards (D:1)
  A rat (D:2)
5 creatures vanquished.

Grand Total: 36 creatures vanquished

Notes
Turn   | Place    | Note
-------+----------+-------------------------------------------
     0 | D:1      | xian the Naga Necromancer began the quest for the Orb.
     0 | D:1      | Reached XP level 1. HP: 15/15 MP: 3/3
   263 | D:1      | Learned a level 1 spell: Animate Skeleton
   417 | D:1      | Reached XP level 2. HP: 19/22 MP: 1/5
  1460 | D:1      | Reached XP level 3. HP: 19/28 MP: 6/6
  1861 | D:2      | Learned a level 3 spell: Vampiric Draining
  2446 | D:2      | You fall into a shaft and drop 1 floor!
  2505 | D:2      | Slain by an orc

Illustrated notes

Levels and vault maps discovered:
D:1:      giann_wishing_wells, layout_basic
D:2:      layout_loops_ring, hellmonk_ecumenical_altar_defaced_shrine
D:3:      layout_loops_cross, serial_shops, nicolae_shop_overgrown_old_shop,
          gup_sewer_entry_bowl

Action                   || total
-------------------------++-------
Melee: Unarmed           ||    14
       Staff             ||    36
       Punch             ||     1
 Cast: Pain              ||    49
       Animate Skeleton  ||    16
Armor: Robe              ||    18
Dodge: Dodged            ||    51

Table legend: (Time is in decaauts)
 A = Elapsed time spent in this place.
 B = Non-inter-level travel time spent in this place.
 C = Inter-level travel time spent in this place.
 D = Time resting spent in this place.
 E = Time spent auto-exploring this place.
 F = Levels seen in this place.
 G = Mean time per level.
                   A        B        C        D        E       F      G
               +--------+--------+--------+--------+--------+-----+--------+
         Total |   2986 |   2942 |     44 |    214 |   2097 |   3 |  995.3 |
       Dungeon |   2986 |   2942 |     44 |    214 |   2097 |   3 |  995.3 |
               +--------+--------+--------+--------+--------+-----+--------+

Top non-repeatable levels by time:
     D:1: 2112 daAuts
     D:2: 798 daAuts
     D:3: 75 daAuts
